 Dungeon Crawl Stone Soup version 0.29.0-15-g675c0067aa (webtiles) character file.

Game seed: 3421794955256009160

82411 qw the Peltast (level 15, -3/94 HPs)
             Began as a Gargoyle Fighter on Sept 12, 2022.
             Was a High Priest of Okawaru.
             Slain by a two-headed ogre
             ... wielding a +0 dire flail
              (12 damage)
             ... on level 2 of the Orcish Mines.
             The game lasted 00:08:05 (19387 turns).

qw the Peltast (Gargoyle Fighter)                  Turns: 19387, Time: 00:08:06

Health: -3/94      AC: 43    Str: 42    XL:     15   Next: 73%
Magic:  22/22      EV: 15    Int: 15    God:    Okawaru [*****.]
Gold:   1307       SH: 21    Dex: 10    Spells: 14/14 levels left

rFire   . . .      SeeInvis .   D - +5 broad axe (vorpal)
rCold   + . .      Faith    .   n - +0 tower shield
rNeg    + . .      Spirit   .   i - +5 plate armour of the Soldier {rPois rC+ Str+7 Slay-5}
rPois   inf        Reflect  .   p - +1 helmet of Meriun {rF- Str+3 Dex+2}
rElec   +          Harm     .   q - +0 cloak
rCorr   .          Rampage  .   F - +1 pair of gloves
Will    +....                   r - +1 pair of boots {Fly}
Stlth   ..........              k - amulet of regeneration
HPRegen 1.05/turn               y - ring of Xom's Ringing Laughter {rF+ Str+2 Int+6}
MPRegen 0.18/turn               v - +4 ring of evasion

@: about to teleport, heroic, flying
A: sickness immunity, AC +11, big wings, negative energy resistance 1,
electricity resistance, torment resistance 1, petrification resistance, strong
1, wild magic 2
a: Renounce Religion, Heroism, Finesse, Duel


You were on level 2 of the Orcish Mines.
You worshipped Okawaru.
Okawaru was extremely pleased with you.
You visited 3 branches of the dungeon, and saw 22 of its levels.

You collected 1825 gold pieces.
You spent 518 gold pieces at shops.


Innate Abilities, Weirdness & Mutations

You are immune to sickness and miasma.
Your stone body is resilient. (AC +11)
You are immune to poison.
Your large and strong wings let you fly.
You resist negative energy. (rN+)
You are resistant to electric shocks. (rElec)
You are resistant to unholy torment.
You are immune to petrification.
Your muscles are strong. (Str +4, Int/Dex -1)
Your spells are harder to cast, but more powerful.


   Skills:
 - Level 11.1(16.1) Fighting
 - Level 15.0(20.0) Axes
 + Level 4.0(9.0) Throwing
 - Level 11.0(16.0) Armour
 - Level 3.1(8.1) Dodging
 - Level 16.0(21.0) Shields
 - Level 10.1 Invocations


You had 14 spell levels left.
You didn't know any spells.
Your spell library was empty.

Inventory:

Hand Weapons
 b - a +4 flail of freezing
 x - the +5 whip of the Magi {vorpal, rF++ Will+}
   (You took it off a gnoll bouda on level 8 of the Dungeon)

   It inflicts extra damage upon your enemies.
   rF:        It greatly protects you from fire.
   Will:      It increases your willpower.
 D - a +5 vorpal broad axe (weapon)
Missiles
 j - 10 boomerangs
 z - 5 boomerangs of dispersal
 H - 4 javelins (quivered)
Armour
 g - a +0 helmet
 i - the +5 plate armour of the Soldier (worn) {rPois rC+ Str+7 Slay-5}
   (Okawaru gifted it to you on level 14 of the Dungeon)

   Str:       It affects your strength (+7).
   Slay:      It affects your accuracy & damage with ranged weapons and melee
   (-5).
   rC:        It protects you from cold.
   rPois:     It protects you from poison.
 n - a +0 tower shield (worn)
 p - the +1 helmet of Meriun (worn) {rF- Str+3 Dex+2}
   (You found it on level 2 of the Dungeon)

   Str:       It affects your strength (+3).
   Dex:       It affects your dexterity (+2).
   rF:        It makes you vulnerable to fire.
 q - a +0 cloak (worn)
 r - a +1 pair of boots of flying (worn)
 t - +0 acid dragon scales
 F - a +1 pair of gloves (worn)
Jewellery
 k - an amulet of regeneration (around neck)
 v - a +4 ring of evasion (right hand)
 w - a ring of fire
 y - the ring of Xom's Ringing Laughter (left hand) {rF+ Str+2 Int+6}
   (You took it off a tengu warrior on level 8 of the Dungeon)

   [ring of intelligence]

   Str:       It affects your strength (+2).
   Int:       It affects your intelligence (+6).
   rF:        It protects you from fire.
 G - a ring of resist corrosion
 Y - a +4 ring of protection
Scrolls
 a - 4 scrolls of identify
 l - 7 scrolls of teleportation
 s - 2 scrolls of fog
Potions
 c - a potion of cancellation
 d - 5 potions of might
 f - 2 potions of attraction
 h - 12 potions of lignification
 m - 2 potions of resistance
 o - a potion of mutation
 u - a potion of magic
 B - 2 potions of haste
 C - 4 potions of heal wounds
 E - 4 potions of curing

Dungeon Overview and Level Annotations

Branches:
Dungeon (15/15)            Temple (0/1) D:7            Lair (5/5) D:8
 Shoals (0/4) Lair:3        Snake (0/4) Lair:2        Slime (0/5) Lair:5
    Orc (2/2) D:9          Vaults (0/5) D:13         Depths (0/4) D:15
    Elf: Orc:2

Altars:
Cheibriados
Dithmenos
Fedhas
Hepliaklqana
Kikubaaqudgha
Nemelex Xobeh
Okawaru
Qazlal
Uskayaw
Xom
Yredelemnul
Jiyva

Shops:
D:11 [

Portals:
Trove: D:11 (give +6 demon blade)

Annotations:
D:10 2 transporters
D:13 2 transporters
Lair:2 3 runed translucent doors, qw's ghost, journeyman MiBe; qw's ghost, journeyman MiFi; qw's ghost, journeyman TrCA
Orc:2 Sonja


Message History

The troll bites you but does no damage.
The troll claws you but does no damage. x2
An ogre comes into view. It is wielding a +0 giant spiked club.
The ogre mage barely misses you. The ogre hits you but does no damage.
The ogre shouts!
You hear a shout! x3
The troll barely misses you.
The troll claws you but does no damage. x2
The troll bites you.
The troll claws you but does no damage. x2
The two-headed ogre hits you but does no damage. x2
A two-headed ogre comes into view.
It is wielding a +0 giant club and a +0 dire flail.
The ogre mage hits you with a +0 club. The ogre hits you but does no damage.
The troll bites you but does no damage. The troll claws you but does no damage.
The troll claws you. The troll bites you but does no damage.
The troll claws you but does no damage. The troll claws you.
The orc priest mumbles some strange prayers to Beogh against you.
Beogh smites you! The ogre hits you but does no damage.
The ogre mage hits you but does no damage.
The ogre hits you with a +0 giant spiked club!!
The two-headed ogre hits you but does no damage.
The two-headed ogre barely misses you. The troll bites you.
The troll claws you but does no damage. x2
The troll bites you but does no damage.
The troll claws you but does no damage. x2
An ogre comes into view. It is wielding a +0 giant club.
Sonja zaps a wand.
The puff of flame hits you!
The now-empty wand crumbles to dust.
The two-headed ogre hits you with a +0 giant club!
The two-headed ogre hits you but does no damage.
The ogre mage casts a spell.
The ogre mage flickers and vanishes!
Deactivating autopickup; reactivate with Ctrl-A.
The ogre hits you but does no damage. x2
You can move again.
19387 ||| READING 8 scrolls of teleportation.
As you read the scroll of teleportation, it crumbles to dust.
You feel strangely unstable.
The ogre shouts!
You hear a shout!
Sonja hits you with a +1 short sword of venom.
Sonja hits you but does no damage. x2; Something hits you but does no damage.
You block the troll's attack. x2; The troll claws you but does no damage.
You block the troll's attack. x2; The troll closely misses you.
The two-headed ogre hits you with a +0 dire flail! x2
You die...

..#. .#.......
.... ##........
#....#.....$.#.
.#... .........
#............#.
#....o#oT.....#
#....TTO$.....
#..O@{O.O.O.
#^..KOO..#...
#.........#.#
.............#
............#
....$.......C.
...............
..#.#..#.#.....


You could see 3 two-headed ogres, a deep troll, a cyclops, 2 trolls, Sonja, 4
ogres, an orc priest and an orc wizard.

Vanquished Creatures
  Jorgrun (Orc:1)
  Kirke (D:15)
  A dire elephant (D:15)
  Snorg (Orc:1)
  Josephine (D:13)
  5 boulder beetles
  A yaktaur captain (D:13)
  A great orb of eyes (D:15)
  7 hydras
  Erica (Lair:1)
  11 centaur warriors
  An anaconda (Lair:5)
  An ogre mage (Orc:1)
  A catoblepas (D:14)
  7 two-headed ogres
  8 death yaks
  2 tengu warriors
  Urug (D:11)
  4 skeletal warriors (D:15)
  A wizard (D:14)
  2 deep elf pyromancers (D:8)
  A necromancer (D:9)
  2 wolf spiders (D:15)
  13 ugly things
  7 cyclopes
  Maurice (D:9)
  10 elephants
  4 manticores
  4 black mambas
  A merfolk siren (Lair:3)
  Joseph (D:9)
  A gargoyle (D:8)
  A torpor snail (Lair:2)
  Psyche (D:11)
  2 rime drakes
  14 cane toads
  A freezing wraith (D:15)
  3 yaktaurs
  8 komodo dragons
  An efreet (D:14)
  A komodo dragon (shapeshifter) (D:15)
  3 polar bears
  5 trolls
  3 merfolk (Lair:3)
  3 blink frogs
  4 slime creatures (D:12)
  A hornet (D:9)
  10 dream sheep (Lair:5)
  A spriggan (Lair:2)
  A shadow (D:11)
  6 wraiths
  12 yaks
  5 wyverns
  3 hogs (D:15)
  A human (D:15)
  A steam dragon (Lair:3)
  A redback (D:9)
  Menkaure (D:7)
  4 wargs (D:9)
  An acid dragon (D:10)
  4 nagas (Lair:2)
  Duvessa (D:4)
  26 water moccasins
  8 orc warriors
  A sky beast (D:6)
  4 ice beasts
  2 black bears
  8 ogres
  21 wolves
  12 centaurs
  An ogre (shapeshifter) (D:14)
  2 phantoms
  5 kobold brigands
  A gnoll sergeant (D:5)
  13 bullfrogs
  A necrophage (D:6)
  4 scorpions
  Dowan (D:4)
  9 wights
  4 howler monkeys
  4 electric eels
  A lava snake (Lair:1)
  A jelly (D:5)
  7 orc priests
  2 gnoll boudas (D:8)
  2 hounds
  Jessica (D:2)
  4 iguanas
  12 orc wizards
  Robin (D:2)
  8 gnolls
  16 adders
  A white imp (D:8)
  5 worms
  5 dart slugs
  35 orcs
  4 ball pythons
  5 endoplasms
  4 giant cockroaches
  14 goblins
  12 hobgoblins
  8 jackals
  5 quokkas
  8 bats
  3 frilled lizards
  13 kobolds
  3 rats
  A bush (Lair:2)
515 creatures vanquished.

Vanquished Creatures (others)
  A centaur (D:15)
  An adder (Lair:3)
  22 fungi
  19 plants
43 creatures vanquished.

Grand Total: 558 creatures vanquished

Notes
Turn   | Place    | Note
-------+----------+-------------------------------------------
     0 | D:1      | qw the Gargoyle Fighter began the quest for the Orb.
     0 | D:1      | Reached XP level 1. HP: 14/14 MP: 1/1
     0 | D:1      | 0 ||| qw: Version: 0.1-a-119-g272c26d
     0 | D:1      | 0 ||| qw: Game counter: 11018
     0 | D:1      | 0 ||| qw: Always use a shield: true
     0 | D:1      | 0 ||| qw: God list: Okawaru
     0 | D:1      | 0 ||| qw: Allow faded altars: false
     0 | D:1      | 0 ||| qw: Do Orc after D:15 true
     0 | D:1      | 0 ||| qw: Do second Lair branch before Depths: true
     0 | D:1      | 0 ||| qw: Lair rune preference: random
     0 | D:1      | 0 ||| qw: Plans: Normal, Zot, God:TSO, Crypt, Tomb, Pan,
                  | Slime, Hells, Zig, Abyss, Orb
     0 | D:1      | 0 ||| PLANNING D:1-11
   254 | D:1      | Reached XP level 2. HP: 19/19 MP: 2/2
   313 | D:1      | 313 ||| Stepping ~*~*~tactically~*~*~ (stealth).
   315 | D:1      | 315 ||| Stepping ~*~*~tactically~*~*~ (stealth).
   317 | D:1      | 317 ||| Stepping ~*~*~tactically~*~*~ (stealth).
   412 | D:1      | Found a faded altar of an unknown god.
   784 | D:1      | 784 ||| Stepping ~*~*~tactically~*~*~ (stealth).
   791 | D:1      | Reached skill level 3 in Axes
   932 | D:1      | Reached XP level 3. HP: 22/23 MP: 3/3
  1004 | D:1      | 1004 ||| UPGRADING to +0 pair of boots.
  1009 | D:1      | 1009 ||| READING 2 scrolls labelled OTTAOR KAINATU.
  1010 | D:1      | 1010 ||| READING scroll labelled VALI KUITUSCHE.
  1011 | D:1      | 1011 ||| READING scroll labelled XOOPPO XYEV.
  1112 | D:1      | 1112 ||| READING scroll labelled CIZOJE PAGHOK.
  1115 | D:1      | 1115 ||| READING scroll labelled MOWKIHEFEY.
  1116 | D:1      | 1116 ||| READING scroll labelled EXUAHA KOIHUO.
  1117 | D:1      | 1117 ||| DRINKING 2 orange potions.
  1118 | D:1      | 1118 ||| DROPPING scroll of vulnerability.
  1364 | D:2      | Noticed Robin
  1375 | D:2      | Killed Robin
  1376 | D:2      | Reached XP level 4. HP: 21/28 MP: 4/4
  1595 | D:2      | Noticed Jessica
  1600 | D:2      | Killed Jessica
  1686 | D:2      | Found a snail-covered altar of Cheibriados.
  2109 | D:2      | Identified the +1 helmet of Meriun {rF- Str+3 Dex+2}
  2121 | D:2      | 2121 ||| UPGRADING to +0 helmet.
  2126 | D:2      | 2126 ||| UPGRADING to +1 helmet of Meriun {rF- Str+3
                  | Dex+2}.
  2136 | D:2      | 2136 ||| UPGRADING to +6 ring of dexterity.
  2137 | D:2      | 2137 ||| READING 2 scrolls labelled HUZURE MUXEDOL.
  2170 | D:3      | 2170 ||| Stepping ~*~*~tactically~*~*~ (stealth).
  2217 | D:3      | Reached XP level 5. HP: 32/32 MP: 5/5
  2256 | D:3      | Reached skill level 1 in Dodging
  2257 | D:3      | HP: 8/32 [orc priest/divine providence (12)]
  2258 | D:3      | 2258 ||| READING 3 scrolls of teleportation.
  2275 | D:3      | HP: 6/32 [orc wizard/magic dart (2)]
  2276 | D:3      | 2276 ||| READING 2 scrolls of teleportation.
  2277 | D:3      | 2277 ||| DRINKING 2 potions of curing.
  2277 | D:3      | 2277 ||| (to cure confusion)
  2721 | D:3      | 2721 ||| Stepping ~*~*~tactically~*~*~ (hiding).
  2728 | D:3      | 2728 ||| FLEEEEING.
  2729 | D:3      | 2729 ||| FLEEEEING.
  2730 | D:3      | 2730 ||| FLEEEEING.
  2731 | D:3      | 2731 ||| FLEEEEING.
  2732 | D:3      | 2732 ||| FLEEEEING.
  2733 | D:3      | 2733 ||| FLEEEEING.
  2734 | D:3      | 2734 ||| FLEEEEING.
  2738 | D:3      | 2738 ||| FLEEEEING.
  2739 | D:3      | 2739 ||| FLEEEEING.
  2741 | D:3      | 2741 ||| FLEEEEING.
  2742 | D:3      | 2742 ||| FLEEEEING.
  2743 | D:3      | 2743 ||| STAIRDANCE
  2958 | D:2      | 2958 ||| READING scroll labelled EHETHROURED.
  2959 | D:2      | 2959 ||| READING scroll labelled GAORCH JOOPUKHACU.
  3137 | D:3      | 3137 ||| DROPPING +0 whip.
  3452 | D:3      | 3452 ||| DRINKING 2 green potions.
  3453 | D:3      | 3453 ||| DROPPING potion of magic.
  3476 | D:4      | Found a blossoming altar of Fedhas.
  3513 | D:4      | Reached XP level 6. HP: 38/38 MP: 6/6
  3537 | D:4      | Noticed Duvessa
  3539 | D:4      | Noticed Dowan
  3541 | D:4      | 3541 ||| Stepping ~*~*~tactically~*~*~ (hiding).
  3555 | D:4      | Killed Duvessa
  3562 | D:4      | 3562 ||| Stepping ~*~*~tactically~*~*~ (hiding).
  3567 | D:4      | HP: 7/38 [Dowan/shard of ice (10)]
  3568 | D:4      | 3568 ||| READING scroll of teleportation.
  3586 | D:4      | 3586 ||| Stepping ~*~*~tactically~*~*~ (stealth).
  3689 | D:4      | 3689 ||| Stepping ~*~*~tactically~*~*~ (stealth).
  3870 | D:4      | Killed Dowan
  3871 | D:4      | Reached skill level 6 in Axes
  3871 | D:4      | Reached XP level 7. HP: 28/43 MP: 7/7
  4020 | D:4      | 4020 ||| Stepping ~*~*~tactically~*~*~ (stealth).
  4021 | D:4      | 4021 ||| Stepping ~*~*~tactically~*~*~ (stealth).
  4207 | D:4      | Found an ancient bone altar of Kikubaaqudgha.
  4207 | D:4      | Found a basalt altar of Yredelemnul.
  4207 | D:4      | Found a sparkling altar of Nemelex Xobeh.
  4208 | D:4      | Found a snail-covered altar of Cheibriados.
  4209 | D:4      | Found a stormy altar of Qazlal.
  4211 | D:4      | Found a hazy altar of Hepliaklqana.
  4213 | D:4      | Found an iron altar of Okawaru.
  4256 | D:4      | 4256 ||| Stepping ~*~*~tactically~*~*~ (stealth).
  4431 | D:4      | 4431 ||| UPGRADING to amulet of regeneration.
  4436 | D:4      | 4436 ||| READING scroll labelled NOBRAZ BAYF.
  4437 | D:4      | 4437 ||| DRINKING 2 emerald potions.
  4437 | D:4      | Gained mutation: Your muscles are strong. (Str +4, Int/Dex
                  | -1) [potion of mutation]
  4437 | D:4      | Gained mutation: Your spells are a little harder to cast,
                  | but a little more powerful. [potion of mutation]
  4437 | D:4      | Gained mutation: You have hidden genetic potential. [potion
                  | of mutation]
  4438 | D:4      | 4438 ||| READING 3 scrolls of identify.
  4438 | D:4      | 4438 ||| IDENTIFYING amethyst potion
  4439 | D:4      | 4439 ||| READING 2 scrolls of identify.
  4439 | D:4      | 4439 ||| IDENTIFYING purple potion
  4465 | D:4      | Became a worshipper of Warmaster Okawaru
  4489 | D:5      | Entered Level 5 of the Dungeon
  4673 | D:5      | 4673 ||| Stepping ~*~*~tactically~*~*~ (hiding).
  4687 | D:5      | 4687 ||| Stepping ~*~*~tactically~*~*~ (hiding).
  4815 | D:5      | Reached XP level 8. HP: 48/48 MP: 8/8
  5012 | D:5      | 5012 ||| UPGRADING to +0 kite shield.
  5022 | D:5      | 5022 ||| DROPPING +0 buckler.
  5023 | D:5      | 5023 ||| DRINKING 3 sapphire potions.
  5024 | D:5      | 5024 ||| DRINKING 2 bubbling silvery potions.
  5025 | D:5      | 5025 ||| DROPPING 2 potions of flight.
  5086 | D:6      | Reached skill level 4 in Shields
  5098 | D:6      | 5098 ||| Stepping ~*~*~tactically~*~*~ (stealth).
  5099 | D:6      | 5099 ||| Stepping ~*~*~tactically~*~*~ (stealth).
  5122 | D:6      | Reached skill level 5 in Shields
  5136 | D:6      | Gained mutation: Your spells are harder to cast, but more
                  | powerful. [hidden potential]
  5225 | D:6      | Reached skill level 6 in Shields
  5234 | D:6      | 5234 ||| Stepping ~*~*~tactically~*~*~ (stealth).
  5379 | D:6      | HP: 10/49 [orc warrior/+0 hand axe (7)]
  5380 | D:6      | 5380 ||| READING 2 scrolls of teleportation.
  5381 | D:6      | 5381 ||| DRINKING potion of heal wounds.
  5467 | D:6      | 5467 ||| Stepping ~*~*~tactically~*~*~ (hiding).
  5469 | D:6      | 5469 ||| Stepping ~*~*~tactically~*~*~ (hiding).
  5473 | D:6      | 5473 ||| DRINKING potion of curing.
  5473 | D:6      | 5473 ||| (to cure confusion)
  5498 | D:6      | Reached * piety under Okawaru
  5544 | D:6      | Reached skill level 7 in Shields
  5544 | D:6      | Reached skill level 1 in Invocations
  5659 | D:6      | 5659 ||| Stepping ~*~*~tactically~*~*~ (hiding).
  5674 | D:6      | Reached XP level 9. HP: 52/54 MP: 10/10
  5698 | D:6      | 5698 ||| INVOKING Heroism.
  5700 | D:6      | Reached skill level 3 in Invocations
  5734 | D:6      | 5734 ||| INVOKING Heroism.
  5773 | D:6      | 5773 ||| Stepping ~*~*~tactically~*~*~ (stealth).
  5788 | D:6      | 5788 ||| Stepping ~*~*~tactically~*~*~ (stealth).
  5810 | D:6      | 5810 ||| Stepping ~*~*~tactically~*~*~ (stealth).
  5812 | D:6      | 5812 ||| INVOKING Heroism.
  5817 | D:6      | 5817 ||| Stepping ~*~*~tactically~*~*~ (stealth).
  5821 | D:6      | 5821 ||| Stepping ~*~*~tactically~*~*~ (stealth).
  5833 | D:6      | Gained mutation: Your large and strong wings let you fly.
                  | [hidden potential]
  5833 | D:6      | Lost mutation: You have hidden genetic potential. [hidden
                  | potential expressed]
  6185 | D:6      | 6185 ||| UPGRADING to +0 ice dragon scales.
  6195 | D:6      | 6195 ||| DROPPING +0 scale mail.
  6196 | D:6      | 6196 ||| READING 2 scrolls of identify.
  6196 | D:6      | 6196 ||| IDENTIFYING fuming dark potion
  6263 | D:7      | Found a staircase to the Ecumenical Temple.
  6310 | D:7      | 6310 ||| INVOKING Heroism.
  6320 | D:7      | Reached ** piety under Okawaru
  6791 | D:7      | 6791 ||| INVOKING Heroism.
  6799 | D:7      | 6799 ||| Stepping ~*~*~tactically~*~*~ (stealth).
  6810 | D:7      | 6810 ||| INVOKING Heroism.
  6815 | D:7      | Reached skill level 6 in Fighting
  6917 | D:7      | Noticed Menkaure
  6918 | D:7      | 6918 ||| INVOKING Heroism.
  6923 | D:7      | Killed Menkaure
  7184 | D:7      | 7184 ||| UPGRADING to +4 ring of evasion.
  7185 | D:7      | 7185 ||| DROPPING ring of positive energy.
  7186 | D:7      | 7186 ||| READING scroll labelled WIKHEUROIDGH.
  7187 | D:7      | 7187 ||| READING 3 scrolls of identify.
  7187 | D:7      | 7187 ||| IDENTIFYING white potion
  7188 | D:7      | 7188 ||| READING 2 scrolls of identify.
  7188 | D:7      | 7188 ||| IDENTIFYING grey potion
  7189 | D:7      | 7189 ||| DROPPING potion of degeneration.
  7190 | D:7      | 7190 ||| DROPPING potion of brilliance.
  7234 | D:8      | Found a shadowy altar of Dithmenos.
  7265 | D:8      | Reached skill level 8 in Shields
  7278 | D:8      | Found a hide-covered altar of Uskayaw.
  7343 | D:8      | 7343 ||| DROPPING +0 flail.
  7360 | D:8      | 7360 ||| SWAPPING to +5 war axe of freezing.
  7361 | D:8      | 7361 ||| DROPPING +0 war axe.
  7518 | D:8      | 7518 ||| INVOKING Heroism.
  7520 | D:8      | 7520 ||| Stepping ~*~*~tactically~*~*~ (stealth).
  7523 | D:8      | Reached XP level 10. HP: 60/60 MP: 10/13
  7523 | D:8      | 7523 ||| Stepping ~*~*~tactically~*~*~ (stealth).
  7527 | D:8      | Reached *** piety under Okawaru
  7527 | D:8      | Noticed a gargoyle
  7528 | D:8      | Identified the ring of Xom's Ringing Laughter {rF+ Str+2
                  | Int+6}
  7528 | D:8      | Noticed a tengu warrior
  7533 | D:8      | Reached skill level 9 in Axes
  7535 | D:8      | Killed a gargoyle
  7535 | D:8      | Noticed a deep elf pyromancer
  7542 | D:8      | Killed a tengu warrior
  7543 | D:8      | 7543 ||| INVOKING Heroism.
  7549 | D:8      | Noticed a two-headed ogre
  7550 | D:8      | 7550 ||| Stepping ~*~*~tactically~*~*~ (stealth).
  7560 | D:8      | Killed a deep elf pyromancer
  7560 | D:8      | Reached **** piety under Okawaru
  7560 | D:8      | Noticed a centaur warrior
  7561 | D:8      | Reached skill level 9 in Shields
  7563 | D:8      | 7563 ||| INVOKING Heroism.
  7565 | D:8      | Killed a two-headed ogre
  7566 | D:8      | Noticed a deep elf pyromancer
  7569 | D:8      | 7569 ||| Stepping ~*~*~tactically~*~*~ (hiding).
  7575 | D:8      | Killed a deep elf pyromancer
  7576 | D:8      | Reached ***** piety under Okawaru
  7578 | D:8      | Killed a centaur warrior
  7579 | D:8      | Reached skill level 6 in Invocations
  7579 | D:8      | Reached XP level 11. HP: 60/67 MP: 12/15
  7594 | D:8      | Identified the +5 whip of the Magi {vorpal, rF++ Will+}
  7595 | D:8      | 7595 ||| Stepping ~*~*~tactically~*~*~ (stealth).
  7597 | D:8      | 7597 ||| INVOKING Heroism.
  7643 | D:8      | 7643 ||| Stepping ~*~*~tactically~*~*~ (stealth).
  7659 | D:8      | 7659 ||| Stepping ~*~*~tactically~*~*~ (stealth).
  7683 | D:8      | 7683 ||| Stepping ~*~*~tactically~*~*~ (stealth).
  7692 | D:8      | 7692 ||| INVOKING Heroism.
  7694 | D:8      | 7694 ||| Stepping ~*~*~tactically~*~*~ (hiding).
  7753 | D:8      | 7753 ||| Stepping ~*~*~tactically~*~*~ (stealth).
  7769 | D:8      | Found a staircase to the Lair.
  8250 | D:8      | 8250 ||| PLANNING LAIR
  8250 | D:8      | 8250 ||| UPGRADING to +0 cloak.
  8255 | D:8      | 8255 ||| DROPPING scarf of harm.
  8256 | D:8      | 8256 ||| UPGRADING to +4 ring of protection.
  8258 | D:8      | 8258 ||| DROPPING +6 ring of dexterity.
  8297 | Lair:1   | Entered Level 1 of the Lair of Beasts
  8306 | Lair:1   | Noticed a death yak
  8306 | Lair:1   | Noticed a death yak
  8307 | Lair:1   | 8307 ||| Stepping ~*~*~tactically~*~*~ (stealth).
  8309 | Lair:1   | 8309 ||| INVOKING Heroism.
  8309 | Lair:1   | Noticed a death yak
  8310 | Lair:1   | 8310 ||| INVOKING Finesse.
  8313 | Lair:1   | Noticed a death yak
  8315 | Lair:1   | Killed a death yak
  8316 | Lair:1   | Reached skill level 1 in Throwing
  8319 | Lair:1   | Noticed a death yak
  8329 | Lair:1   | Noticed a death yak
  8331 | Lair:1   | Killed a death yak
  8332 | Lair:1   | Reached skill level 6 in Armour
  8333 | Lair:1   | Killed a death yak
  8343 | Lair:1   | Killed a death yak
  8343 | Lair:1   | Identified the +3 great mace of Ravage {freeze, rPois Str-5
                  | SInv} (Okawaru gifted it to you on level 1 of the Lair of
                  | Beasts)
  8343 | Lair:1   | Received a gift from Okawaru
  8344 | Lair:1   | 8344 ||| INVOKING Heroism.
  8348 | Lair:1   | Killed a death yak
  8396 | Lair:1   | 8396 ||| INVOKING Heroism.
  8397 | Lair:1   | 8397 ||| INVOKING Finesse.
  8404 | Lair:1   | Killed a death yak
  8503 | Lair:1   | 8503 ||| Stepping ~*~*~tactically~*~*~ (stealth).
  8577 | Lair:1   | Noticed Erica
  8578 | Lair:1   | 8578 ||| INVOKING Heroism.
  8579 | Lair:1   | 8579 ||| INVOKING Finesse.
  8586 | Lair:1   | Killed Erica
  8587 | Lair:1   | Reached skill level 9 in Invocations
  8656 | Lair:1   | 8656 ||| INVOKING Heroism.
  8660 | Lair:1   | Reached skill level 3 in Throwing
  8761 | Lair:1   | You are sucked into a shaft and drop 1 floor!
  8763 | Lair:2   | 8763 ||| INVOKING Heroism.
  8777 | Lair:2   | 8777 ||| Stepping ~*~*~tactically~*~*~ (stealth).
  8792 | Lair:2   | Noticed a death yak
  8793 | Lair:2   | 8793 ||| INVOKING Finesse.
  8798 | Lair:2   | Noticed a death yak
  8806 | Lair:2   | Killed a death yak
  8807 | Lair:2   | Reached XP level 12. HP: 70/73 MP: 14/19
  8821 | Lair:2   | 8821 ||| INVOKING Heroism.
  8823 | Lair:2   | Killed a death yak
  8945 | Lair:2   | 8945 ||| UPGRADING to +1 pair of boots of flying.
  8955 | Lair:2   | 8955 ||| DROPPING +0 pair of boots.
  9023 | Lair:1   | 9023 ||| INVOKING Heroism.
  9085 | Lair:1   | 9085 ||| INVOKING Heroism.
  9230 | Lair:1   | 9230 ||| Stepping ~*~*~tactically~*~*~ (stealth).
  9234 | Lair:1   | 9234 ||| Stepping ~*~*~tactically~*~*~ (stealth).
  9236 | Lair:1   | 9236 ||| INVOKING Heroism.
  9241 | Lair:1   | Reached skill level 10 in Shields
  9491 | Lair:2   | Received a gift from Okawaru
  9492 | Lair:2   | Reached skill level 9 in Fighting
  9700 | Lair:2   | 9700 ||| Stepping ~*~*~tactically~*~*~ (hiding).
  9711 | Lair:2   | 9711 ||| INVOKING Heroism.
  9712 | Lair:2   | Received a gift from Okawaru
  9716 | Lair:2   | Found a staircase to the Snake Pit.
  9910 | Lair:2   | 9910 ||| INVOKING Heroism.
 10017 | Lair:2   | Found a runed translucent gate.
 10017 | Lair:2   | Found a runed translucent gate.
 10017 | Lair:2   | Noticed qw's ghost (journeyman MiBe)
 10017 | Lair:2   | Noticed qw's ghost (journeyman MiBe)
 10018 | Lair:2   | Found a runed translucent gate.
 10018 | Lair:2   | Noticed qw's ghost (journeyman MiFi)
 10018 | Lair:2   | Noticed qw's ghost (journeyman MiFi)
 10018 | Lair:2   | Noticed qw's ghost (journeyman TrCA)
 10116 | Lair:2   | 10116 ||| UPGRADING to +0 tower shield.
 10126 | Lair:2   | 10126 ||| DROPPING +0 kite shield.
 10127 | Lair:2   | 10127 ||| UPGRADING to +0 pair of gloves.
 10132 | Lair:2   | 10132 ||| READING scroll labelled WAYFARUONA.
 10151 | Lair:3   | 10151 ||| STAIRDANCE
 10248 | Lair:3   | 10248 ||| INVOKING Heroism.
 10266 | Lair:3   | 10266 ||| Stepping ~*~*~tactically~*~*~ (cloud).
 10290 | Lair:3   | 10290 ||| Stepping ~*~*~tactically~*~*~ (stealth).
 10291 | Lair:3   | 10291 ||| INVOKING Heroism.
 10295 | Lair:3   | Reached skill level 11 in Shields
 10409 | Lair:3   | 10409 ||| Stepping ~*~*~tactically~*~*~ (hiding).
 10410 | Lair:3   | 10410 ||| Stepping ~*~*~tactically~*~*~ (stealth).
 10411 | Lair:3   | Found a staircase to the Shoals.
 10412 | Lair:3   | 10412 ||| Stepping ~*~*~tactically~*~*~ (hiding).
 10414 | Lair:3   | 10414 ||| INVOKING Heroism.
 10433 | Lair:3   | Reached XP level 13. HP: 80/80 MP: 20/20
 10436 | Lair:3   | Identified the +8 scimitar of Deja {vorpal, *Rage Str+3}
                  | (Okawaru gifted it to you on level 3 of the Lair of Beasts)
 10436 | Lair:3   | Received a gift from Okawaru
 10437 | Lair:3   | Reached skill level 12 in Shields
 10736 | Lair:3   | 10736 ||| INVOKING Heroism.
 10737 | Lair:3   | 10737 ||| INVOKING Finesse.
 10739 | Lair:3   | 10739 ||| SWAPPING to +4 flail of freezing.
 10747 | Lair:3   | 10747 ||| SWAPPING to +5 war axe of freezing.
 10804 | Lair:3   | 10804 ||| INVOKING Heroism.
 10867 | Lair:3   | 10867 ||| Stepping ~*~*~tactically~*~*~ (stealth).
 10883 | Lair:3   | 10883 ||| INVOKING Heroism.
 10905 | Lair:3   | Reached skill level 13 in Shields
 10919 | Lair:3   | 10919 ||| Stepping ~*~*~tactically~*~*~ (stealth).
 10927 | Lair:3   | 10927 ||| Stepping ~*~*~tactically~*~*~ (stealth).
 10960 | Lair:3   | 10960 ||| Stepping ~*~*~tactically~*~*~ (stealth).
 10992 | Lair:3   | 10992 ||| Stepping ~*~*~tactically~*~*~ (stealth).
 11008 | Lair:3   | 11008 ||| Stepping ~*~*~tactically~*~*~ (stealth).
 11013 | Lair:3   | 11013 ||| INVOKING Heroism.
 11159 | Lair:3   | 11159 ||| READING scroll labelled AWOUGEU NEIJ.
 11160 | Lair:3   | 11160 ||| READING 3 scrolls of identify.
 11160 | Lair:3   | 11160 ||| IDENTIFYING murky amethyst potion
 11161 | Lair:3   | 11161 ||| READING 2 scrolls of identify.
 11161 | Lair:3   | 11161 ||| IDENTIFYING viscous red potion
 11162 | Lair:3   | 11162 ||| DROPPING potion of invisibility.
 11184 | Lair:3   | 11184 ||| Stepping ~*~*~tactically~*~*~ (stealth).
 11288 | Lair:4   | 11288 ||| INVOKING Heroism.
 11292 | Lair:4   | 11292 ||| INVOKING Finesse.
 11298 | Lair:4   | 11298 ||| SWAPPING to +4 flail of freezing.
 11304 | Lair:4   | 11304 ||| SWAPPING to +5 war axe of electrocution.
 11859 | Lair:5   | Entered Level 5 of the Lair of Beasts
 11904 | Lair:5   | 11904 ||| Stepping ~*~*~tactically~*~*~ (stealth).
 11906 | Lair:5   | 11906 ||| Stepping ~*~*~tactically~*~*~ (stealth).
 11907 | Lair:5   | 11907 ||| Stepping ~*~*~tactically~*~*~ (stealth).
 11909 | Lair:5   | 11909 ||| INVOKING Heroism.
 11918 | Lair:5   | Reached skill level 14 in Shields
 11938 | Lair:5   | 11938 ||| Stepping ~*~*~tactically~*~*~ (stealth).
 11940 | Lair:5   | 11940 ||| Stepping ~*~*~tactically~*~*~ (stealth).
 11955 | Lair:5   | 11955 ||| Stepping ~*~*~tactically~*~*~ (stealth).
 11959 | Lair:5   | Received a gift from Okawaru
 11962 | Lair:5   | 11962 ||| Stepping ~*~*~tactically~*~*~ (stealth).
 11975 | Lair:5   | 11975 ||| Stepping ~*~*~tactically~*~*~ (stealth).
 11991 | Lair:5   | 11991 ||| SWAPPING to +4 vorpal broad axe.
 11992 | Lair:5   | 11992 ||| DROPPING +5 war axe of electrocution.
 12049 | Lair:5   | Reached skill level 12 in Axes
 12071 | Lair:5   | 12071 ||| INVOKING Heroism.
 12072 | Lair:5   | 12072 ||| INVOKING Finesse.
 12074 | Lair:5   | 12074 ||| SWAPPING to +4 flail of freezing.
 12079 | Lair:5   | 12079 ||| SWAPPING to +4 vorpal broad axe.
 12164 | Lair:5   | 12164 ||| Stepping ~*~*~tactically~*~*~ (stealth).
 12167 | Lair:5   | 12167 ||| Stepping ~*~*~tactically~*~*~ (stealth).
 12169 | Lair:5   | 12169 ||| Stepping ~*~*~tactically~*~*~ (stealth).
 12171 | Lair:5   | 12171 ||| Stepping ~*~*~tactically~*~*~ (stealth).
 12172 | Lair:5   | 12172 ||| Stepping ~*~*~tactically~*~*~ (stealth).
 12174 | Lair:5   | 12174 ||| Stepping ~*~*~tactically~*~*~ (stealth).
 12175 | Lair:5   | 12175 ||| Stepping ~*~*~tactically~*~*~ (stealth).
 12176 | Lair:5   | 12176 ||| Stepping ~*~*~tactically~*~*~ (stealth).
 12177 | Lair:5   | 12177 ||| INVOKING Heroism.
 12204 | Lair:5   | 12204 ||| INVOKING Finesse.
 12210 | Lair:5   | 12210 ||| SWAPPING to +4 flail of freezing.
 12215 | Lair:5   | Identified the +1 scale mail of Okayromi {rElec rPois}
                  | (Okawaru gifted it to you on level 5 of the Lair of Beasts)
 12215 | Lair:5   | Received a gift from Okawaru
 12216 | Lair:5   | 12216 ||| SWAPPING to +4 vorpal broad axe.
 12328 | Lair:5   | Identified the +1 leather armour of the Sky {Regen+ Dex+5}
 12486 | Lair:5   | 12486 ||| INVOKING Heroism.
 12487 | Lair:5   | 12487 ||| INVOKING Finesse.
 12489 | Lair:5   | 12489 ||| SWAPPING to +4 flail of freezing.
 12497 | Lair:5   | 12497 ||| SWAPPING to +4 vorpal broad axe.
 12595 | Lair:5   | 12595 ||| Stepping ~*~*~tactically~*~*~ (stealth).
 12596 | Lair:5   | 12596 ||| INVOKING Heroism.
 12598 | Lair:5   | 12598 ||| INVOKING Finesse.
 12605 | Lair:5   | 12605 ||| SWAPPING to +4 flail of freezing.
 12627 | Lair:5   | 12627 ||| SWAPPING to +4 vorpal broad axe.
 12642 | Lair:5   | Mutation became permanent: Your large and strong wings let
                  | you fly. [Gargoyle growth]
 12642 | Lair:5   | Gained mutation: Your large and strong wings let you fly.
                  | [Gargoyle growth]
 12642 | Lair:5   | Reached XP level 14. HP: 88/88 MP: 16/21
 12755 | Lair:5   | Found a viscous altar of Jiyva.
 12756 | Lair:5   | Found a staircase to the Slime Pits.
 12955 | Lair:5   | 12955 ||| Stepping ~*~*~tactically~*~*~ (stealth).
 12956 | Lair:5   | 12956 ||| Stepping ~*~*~tactically~*~*~ (stealth).
 12957 | Lair:5   | 12957 ||| Stepping ~*~*~tactically~*~*~ (stealth).
 13152 | Lair:5   | 13152 ||| PLANNING D:1-11
 13152 | Lair:5   | 13152 ||| DRINKING 2 black potions.
 13257 | Lair:5   | 13257 ||| READING 3 scrolls of identify.
 13257 | Lair:5   | 13257 ||| IDENTIFYING fizzy grey potion
 13258 | Lair:5   | 13258 ||| DROPPING potion of berserk rage.
 13392 | D:9      | 13392 ||| Stepping ~*~*~tactically~*~*~ (stealth).
 13393 | D:9      | 13393 ||| Stepping ~*~*~tactically~*~*~ (stealth).
 13394 | D:9      | 13394 ||| Stepping ~*~*~tactically~*~*~ (stealth).
 13409 | D:9      | 13409 ||| Stepping ~*~*~tactically~*~*~ (stealth).
 13500 | D:9      | 13500 ||| Stepping ~*~*~tactically~*~*~ (stealth).
 13502 | D:9      | 13502 ||| Stepping ~*~*~tactically~*~*~ (hiding).
 13506 | D:9      | Noticed Maurice
 13510 | D:9      | Paralysed by Maurice for 5 turns
 13520 | D:9      | Killed Maurice
 13546 | D:9      | 13546 ||| INVOKING Heroism.
 13559 | D:9      | Found a staircase to the Orcish Mines.
 13765 | D:9      | 13765 ||| Stepping ~*~*~tactically~*~*~ (hiding).
 13770 | D:9      | Noticed Joseph
 13771 | D:9      | 13771 ||| INVOKING Heroism.
 13774 | D:9      | 13774 ||| Stepping ~*~*~tactically~*~*~ (hiding).
 13778 | D:9      | 13778 ||| Stepping ~*~*~tactically~*~*~ (hiding).
 13787 | D:9      | Killed Joseph
 13846 | D:9      | 13846 ||| Stepping ~*~*~tactically~*~*~ (hiding).
 13859 | D:9      | 13859 ||| Stepping ~*~*~tactically~*~*~ (hiding).
 13860 | D:9      | 13860 ||| Stepping ~*~*~tactically~*~*~ (hiding).
 14005 | D:9      | 14005 ||| READING scroll labelled ZUEGUNGOIVO.
 14039 | D:10     | Entered Level 10 of the Dungeon
 14120 | D:10     | 14120 ||| Stepping ~*~*~tactically~*~*~ (hiding).
 14155 | D:10     | Found a transporter.
 14362 | D:10     | Found a transporter.
 14421 | D:10     | 14421 ||| Stepping ~*~*~tactically~*~*~ (hiding).
 14422 | D:10     | 14422 ||| Stepping ~*~*~tactically~*~*~ (hiding).
 14540 | D:10     | 14540 ||| DROPPING ring of magical power.
 14541 | D:10     | 14541 ||| READING scroll labelled SYOQ URURU.
 14579 | D:11     | Identified the +1 robe "Nuawn" {Stlth+}
 14623 | D:11     | 14623 ||| Stepping ~*~*~tactically~*~*~ (hiding).
 14645 | D:11     | Noticed Psyche
 14653 | D:11     | Killed Psyche
 14689 | D:11     | 14689 ||| INVOKING Heroism.
 14690 | D:11     | 14690 ||| INVOKING Finesse.
 14696 | D:11     | Reached skill level 15 in Shields
 14767 | D:11     | Found Mob Odum's Armour Emporium.
 14776 | D:11     | Reached skill level 3 in Dodging
 14779 | D:11     | 14779 ||| BUYING +2 plate armour of poison resistance (518
                  | gold).
 14779 | D:11     | Bought a +2 plate armour of poison resistance for 518 gold
                  | pieces
 14905 | D:11     | Found a portal to a secret trove of treasure.
 14978 | D:11     | 14978 ||| INVOKING Heroism.
 14979 | D:11     | 14979 ||| INVOKING Finesse.
 15047 | D:11     | Noticed Urug
 15048 | D:11     | 15048 ||| INVOKING Heroism.
 15066 | D:11     | Killed Urug
 15162 | D:11     | Identified the +1 scale mail of Raewup {Harm Str+4}
 15490 | D:11     | 15490 ||| PLANNING D
 15490 | D:11     | 15490 ||| DROPPING +0 plate armour.
 15491 | D:11     | 15491 ||| DROPPING +2 scale mail of fire resistance.
 15492 | D:11     | 15492 ||| READING scroll labelled ZIYWKE PEIREJ.
 15493 | D:11     | 15493 ||| READING scroll labelled TOSIP RECETS.
 15581 | D:12     | Received a gift from Okawaru
 15627 | D:12     | 15627 ||| Stepping ~*~*~tactically~*~*~ (hiding).
 15634 | D:12     | 15634 ||| INVOKING Heroism.
 15638 | D:12     | 15638 ||| Stepping ~*~*~tactically~*~*~ (hiding).
 15664 | D:12     | 15664 ||| READING scroll of enchant armour.
 15664 | D:12     | 15664 ||| ENCHANTING +0 pair of gloves.
 15768 | D:12     | 15768 ||| INVOKING Heroism.
 15769 | D:12     | 15769 ||| SWAPPING to +4 flail of freezing.
 15770 | D:12     | 15770 ||| INVOKING Finesse.
 15777 | D:12     | Reached skill level 9 in Armour
 15781 | D:12     | 15781 ||| SWAPPING to +5 vorpal broad axe.
 15916 | D:12     | 15916 ||| Stepping ~*~*~tactically~*~*~ (stealth).
 15917 | D:12     | 15917 ||| Stepping ~*~*~tactically~*~*~ (stealth).
 15962 | D:12     | 15962 ||| INVOKING Heroism.
 15963 | D:12     | 15963 ||| INVOKING Finesse.
 16280 | D:13     | Found a transporter.
 16280 | D:13     | Found a transporter.
 16339 | D:13     | 16339 ||| INVOKING Heroism.
 16437 | D:13     | 16437 ||| Stepping ~*~*~tactically~*~*~ (hiding).
 16439 | D:13     | Found a gate to the Vaults.
 16635 | D:13     | 16635 ||| Stepping ~*~*~tactically~*~*~ (stealth).
 16646 | D:13     | Noticed Josephine
 16650 | D:13     | 16650 ||| INVOKING Heroism.
 16658 | D:13     | Killed Josephine
 17203 | D:13     | 17203 ||| READING 5 scrolls of identify.
 17203 | D:13     | 17203 ||| IDENTIFYING glowing clear potion
 17204 | D:13     | 17204 ||| DROPPING potion of ambrosia.
 17252 | D:14     | 17252 ||| INVOKING Heroism.
 17261 | D:14     | Identified the +5 plate armour of the Soldier {rPois rC+
                  | Str+7 Slay-5} (Okawaru gifted it to you on level 14 of the
                  | Dungeon)
 17261 | D:14     | Received a gift from Okawaru
 17286 | D:14     | Identified the +4 spear "Erivy" {vorpal, rC++}
 17400 | D:14     | 17400 ||| Stepping ~*~*~tactically~*~*~ (hiding).
 17487 | D:14     | 17487 ||| Stepping ~*~*~tactically~*~*~ (hiding).
 17493 | D:14     | Reached XP level 15. HP: 93/93 MP: 22/22
 17823 | D:14     | Found a shimmering altar of Xom.
 17824 | D:14     | Found a shimmering altar of Xom.
 17824 | D:14     | Found a shimmering altar of Xom.
 17958 | D:14     | 17958 ||| Stepping ~*~*~tactically~*~*~ (hiding).
 18167 | D:14     | 18167 ||| UPGRADING to +5 plate armour of the Soldier
                  | {rPois rC+ Str+7 Slay-5}.
 18177 | D:14     | 18177 ||| DROPPING +0 ice dragon scales.
 18178 | D:14     | 18178 ||| DROPPING +2 plate armour of poison resistance.
 18179 | D:14     | 18179 ||| UPGRADING to ring of Xom's Ringing Laughter {rF+
                  | Str+2 Int+6}.
 18198 | D:15     | Entered Level 15 of the Dungeon
 18199 | D:15     | 18199 ||| INVOKING Heroism.
 18262 | D:15     | 18262 ||| Stepping ~*~*~tactically~*~*~ (hiding).
 18321 | D:15     | 18321 ||| Stepping ~*~*~tactically~*~*~ (hiding).
 18322 | D:15     | 18322 ||| Stepping ~*~*~tactically~*~*~ (hiding).
 18369 | D:15     | Noticed Kirke
 18370 | D:15     | 18370 ||| Stepping ~*~*~tactically~*~*~ (stealth).
 18371 | D:15     | 18371 ||| INVOKING Heroism.
 18372 | D:15     | 18372 ||| INVOKING Finesse.
 18376 | D:15     | 18376 ||| Stepping ~*~*~tactically~*~*~ (stealth).
 18380 | D:15     | Killed Kirke
 18381 | D:15     | Reached skill level 16 in Shields
 18381 | D:15     | 18381 ||| Stepping ~*~*~tactically~*~*~ (hiding).
 18434 | D:15     | 18434 ||| Stepping ~*~*~tactically~*~*~ (stealth).
 18437 | D:15     | 18437 ||| Stepping ~*~*~tactically~*~*~ (stealth).
 18439 | D:15     | 18439 ||| Stepping ~*~*~tactically~*~*~ (stealth).
 18528 | D:15     | Identified the +3 scale mail "Hero's Friend" {Harm Regen+
                  | Dex-2} (Okawaru gifted it to you on level 15 of the
                  | Dungeon)
 18528 | D:15     | Received a gift from Okawaru
 18561 | D:15     | 18561 ||| INVOKING Heroism.
 18628 | D:15     | 18628 ||| Stepping ~*~*~tactically~*~*~ (hiding).
 18639 | D:15     | 18639 ||| INVOKING Heroism.
 18654 | D:15     | 18654 ||| Stepping ~*~*~tactically~*~*~ (hiding).
 18678 | D:15     | 18678 ||| Stepping ~*~*~tactically~*~*~ (stealth).
 18855 | D:15     | Found a staircase to the Depths.
 18938 | D:15     | 18938 ||| PLANNING ORC
 18938 | D:15     | 18938 ||| DROPPING amulet of guardian spirit.
 19090 | Orc:1    | Entered Level 1 of the Orcish Mines
 19171 | Orc:1    | 19171 ||| Stepping ~*~*~tactically~*~*~ (hiding).
 19259 | Orc:2    | Entered Level 2 of the Orcish Mines
 19259 | Orc:2    | Noticed Sonja
 19259 | Orc:2    | Noticed Jorgrun
 19260 | Orc:2    | 19260 ||| STAIRDANCE
 19262 | Orc:1    | 19262 ||| INVOKING Heroism.
 19263 | Orc:1    | 19263 ||| INVOKING Finesse.
 19271 | Orc:1    | Killed Jorgrun
 19272 | Orc:1    | Reached skill level 15 in Axes
 19285 | Orc:2    | 19285 ||| STAIRDANCE
 19295 | Orc:2    | Noticed Snorg
 19296 | Orc:2    | 19296 ||| STAIRDANCE
 19317 | Orc:2    | 19317 ||| STAIRDANCE
 19327 | Orc:2    | 19327 ||| STAIRDANCE
 19329 | Orc:1    | 19329 ||| INVOKING Heroism.
 19338 | Orc:1    | Killed Snorg
 19357 | Orc:2    | 19357 ||| STAIRDANCE
 19373 | Orc:2    | 19373 ||| STAIRDANCE
 19377 | Orc:1    | 19377 ||| INVOKING Heroism.
 19382 | Orc:2    | 19382 ||| STAIRDANCE
 19382 | Orc:2    | Paralysed by an ogre mage for 5 turns
 19386 | Orc:2    | HP: 21/94 [two-headed ogre/+0 giant club (11)]
 19387 | Orc:2    | 19387 ||| READING 8 scrolls of teleportation.
 19387 | Orc:2    | HP: 9/94 [two-headed ogre/+0 dire flail (7)]
 19387 | Orc:2    | Slain by a two-headed ogre

Levels and vault maps discovered:
D:1:      psy_arrival_basics, layout_loops_ring,
          hellmonk_ecumenical_altar_arch_garden, serial_aquarium,
          aquarium_bridge_island_small [aquarium_subvault_small_open,
          aquarium_subvault_bridge, aquarium_subvault_bridge,
          aquarium_subvault_wall, aquarium_subvault_window],
          aquarium_window_corridor_3, aquarium_window_fake, aquarium_window_1,
          aquarium_window_1, aquarium_view_2a
D:2:      layout_loops_ring, basic_altar, kennysheep_generic_room_7,
          uniq_jessica, uniq_robin
D:3:      layout_basic
D:4:      layout_cave_pools, minitemple, kennysheep_small_circle, uniq_duvessa
D:5:      layout_cave_pools
D:6:      minmay_flawed_box, layout_loops_corners
D:7:      layout_loops_corners, minmay_temple_entry_tees, uniq_menkaure
D:8:      minmay_the_grid_square_5x5_3x3 [minmay_the_grid_square_5x5_c,
          minmay_the_grid_square_5x5_seven,
          minmay_the_grid_square_5x5_broken_cross,
          minmay_the_grid_square_5x5_checkered_statues,
          minmay_the_grid_square_5x5_megaprize_crossed,
          minmay_the_grid_square_5x5_moneybag,
          minmay_the_grid_square_5x5_gyroscope,
          minmay_the_grid_square_5x5_eight_small,
          minmay_the_grid_square_5x5_comb], layout_loops_corners,
          nicolae_dithmenos_the_darkroom,
          nicolae_uskayaw_murder_on_the_dancefloor
D:9:      layout_roguey, minmay_orc_entry_guard_dogs, minivault_25_ag,
          nicolae_wand_duel, uniq_maurice, uniq_joseph
D:10:     gammafunk_beogh_shrine, layout_rooms
D:11:     layout_stronghold, serial_shops, nicolae_diamond_shop,
          nicolae_trove_entry_crossroad, uniq_urug, uniq_psyche
D:12:     minmay_cornered_nines, layout_gridville
D:13:     gammafunk_boulding_lane, layout_loops_corners, david_vaults_2,
          unseen_surprise_small, uniq_josephine
D:14:     layout_loops_ring, xom_redecorated, drop_trap
D:15:     hangedman_depths_entry_try_elsewhere_first, layout_rooms,
          fountainhead, uniq_kirke
Lair:1:   layout_gridlike, uniq_erica
Lair:2:   layout_regular_city, minmay_snake_entry_guardpost_small,
          gammafunk_ghost_cemetery, grunt_forest_stairs_clearing,
          grunt_megastairs_5, infiniplex_staircase_pool
Lair:3:   lemuel_reptile_caves, layout_regular_city, elwin_shoals_entry_stream
Lair:4:   layout_hall_layers, serial_bayou_crossing
Lair:5:   wormcave, layout_layer_cave, slime_entry_1,
          chequers_serial_rivers_micro_b, hangedman_lair_generics_rect
Orc:1:    layout_caves, serial_shops, shop, uniq_fannar
Orc:2:    st_orc_open, layout_caves, nicolae_shop_firing_range, uniq_snorg,
          uniq_sonja, uniq_jorgrun

Skill      XL: |  1  2  3  4  5  6  7  8  9 10 11 12 13 14 15 |
---------------+----------------------------------------------+-----
Axes           | 2 3 4 5 6 7 8 9 10 11 12 14 15 | 15.0
Dodging        | 1 2 3 |  3.1
Fighting       | 4 5 6 7 8 9 10 11 | 11.1
Shields        | 7 8 9 11 14 15 16 | 16.0
Invocations    | 2 4 6 9 10 | 10.1
Armour         | 4 5 6 7 8 9 11 | 11.0
Throwing       | 3 4 |  4.0

Action                   |  1- 3 |  4- 6 |  7- 9 | 10-12 | 13-15 || total
-------------------------+-------+-------+-------+-------+-------++-------
Melee: War axe           |    91 |   127 |   342 |   325 |   158 ||  1043
       Broad axe         |       |       |       |       |   608 ||   608
       Flail             |       |       |       |       |    50 ||    50
Throw: Boomerang         |    24 |    13 |    30 |       |    24 ||    91
       Javelin           |       |       |       |    46 |   102 ||   148
Invok: Heroism           |       |       |     8 |    19 |    28 ||    55
       Finesse           |       |       |       |     4 |    12 ||    16
  Use: Scroll            |     6 |     6 |     8 |     1 |    11 ||    32
       Potion            |     1 |     2 |     5 |       |     1 ||     9
Armor: Scale mail        |    62 |    58 |   125 |       |       ||   245
       Ice dragon scales |       |       |    30 |    91 |   194 ||   315
       Plate armour      |       |       |       |       |   135 ||   135
Dodge: Dodged            |    51 |    56 |   111 |   114 |   288 ||   620
Block: Buckler           |    15 |    35 |    14 |       |       ||    64
       Kite shield       |       |       |   107 |    99 |       ||   206
       Tower shield      |       |       |       |    51 |   750 ||   801

Table legend:
 A = Non-vault XP
 B = Vault XP
 C = Vault XP percentage of total XP
 D = Non-vault monster count
 E = Vault monster count
 F = Vault count percentage of total count
                 A         B        C        D         E       F
            +---------+---------+-------+---------+---------+-------
      Total |   77459 |   40272 |  34.2 |     368 |     145 |  28.3
            +---------+---------+-------+---------+---------+-------
        D:1 |      35 |       2 |   5.4 |      21 |       1 |   4.5
        D:2 |      31 |      79 |  71.8 |      15 |      14 |  48.3
        D:3 |     143 |       0 |   0.0 |      25 |       0 |   0.0
        D:4 |     323 |     310 |  49.0 |      17 |       4 |  19.0
        D:5 |     310 |       0 |   0.0 |      10 |       0 |   0.0
        D:6 |    1689 |     212 |  11.2 |      27 |       6 |  18.2
        D:7 |     716 |     172 |  19.4 |      16 |       1 |   5.9
        D:8 |     705 |    4952 |  87.5 |      19 |      18 |  48.6
        D:9 |    1706 |    3236 |  65.5 |      11 |      10 |  47.6
       D:10 |     628 |       0 |   0.0 |       6 |       0 |   0.0
       D:11 |    3949 |    1200 |  23.3 |       7 |       2 |  22.2
       D:12 |    5377 |    2519 |  31.9 |      20 |       3 |  13.0
       D:13 |    2609 |    3587 |  57.9 |       8 |       9 |  52.9
       D:14 |    8497 |       0 |   0.0 |      15 |       0 |   0.0
       D:15 |   15319 |    5048 |  24.8 |      30 |       8 |  21.1
     Lair:1 |    8945 |     855 |   8.7 |      23 |       1 |   4.2
     Lair:2 |    5729 |    2033 |  26.2 |      17 |      11 |  39.3
     Lair:3 |    5407 |    4190 |  43.7 |      25 |      33 |  56.9
     Lair:4 |    2892 |       0 |   0.0 |      10 |       0 |   0.0
     Lair:5 |   12030 |    4341 |  26.5 |      35 |       8 |  18.6
      Orc:1 |     419 |    7536 |  94.7 |      11 |      16 |  59.3
            +---------+---------+-------+---------+---------+-------
